 Dungeon Crawl Stone Soup version 0.21-a0-270-g8204059 (console) character file.

72 wup the Ruffian (level 4, -3/35 HPs)
             Began as a Draconian Transmuter on Sept 14, 2017.
             Killed from afar by a dart slug (4 damage)
             ... with a slug dart
             ... on level 2 of the Dungeon on Sept 15, 2017.
             The game lasted 00:10:08 (1048 turns).

wup the Ruffian (Draconian Transmuter)              Turns: 1048, Time: 00:10:08

Health: -3/35      AC:  5    Str: 13    XL:     4   Next: 6%
Magic:  7/7        EV: 12    Int: 13    God:
Gold:   109        SH:  0    Dex: 12    Spells: 7/8 levels left

rFire    . . .     SeeInvis .     - Unarmed
rCold    . . .     Gourm    .   (no shield)
rNeg     . . .     Faith    .   (armour unavailable)
rPois    .         Spirit   .   (helmet restricted)
rElec    .         Reflect  .   (no cloak)
rCorr    .         Harm     .   (no gloves)
MR       .....                  (no boots)
Stlth    +.........             (no amulet)
HPRegen  0.11/turn              (no ring)
MPRegen  0.10/turn              (no ring)

@: lethally poisoned (-3 -> -6)
A: unfitting armour, cold-blooded, AC +5
a: no special abilities


You were on level 2 of the Dungeon.
You were not hungry.

You visited 1 branch of the dungeon, and saw 2 of its levels.

You collected 109 gold pieces.

Inventory:

Missiles
 a - 12 arrows
Scrolls
 e - a scroll of fear {unknown}
 f - a scroll of random uselessness {unknown}
 i - a scroll of remove curse {unknown}
 j - 2 scrolls of enchant armour {unknown}
 m - a scroll of enchant weapon {unknown}
Potions
 g - a potion of flight {unknown}
 k - a potion of lignification {unknown}
 l - a potion of degeneration {unknown}
 n - a potion of agility {unknown}
Books
 b - a book of Changes

   Spells                             Type                      Level
   a - Beastly Appendage              Transmutation                1
   b - Sticks to Snakes               Transmutation                2
   c - Spider Form                    Transmutation/Poison         3
   d - Ice Form                       Ice/Transmutation            4
   e - Blade Hands                    Transmutation                5
Comestibles
 c - 2 bread rations
 d - a chunk of flesh
 h - 2 meat rations


   Skills:
 - Level 1.2 Fighting
 + Level 2.1 Dodging
 + Level 4.2 Unarmed Combat
 - Level 2.5 Spellcasting
 - Level 2.2 Transmutations


You had 7 spell levels left.
You knew the following spells:

 Your Spells              Type           Power        Failure   Level  Hunger
a - Beastly Appendage     Tmut           #.....       10%         1    #......


Dungeon Overview and Level Annotations

Branches:
Dungeon (2/15)

Altars:
Qazlal


Innate Abilities, Weirdness & Mutations

Your plain brown scales are hard. (AC +5)
You cannot fit into any form of body armour.
You are cold-blooded and may be slowed by cold attacks.


Message History

The worker ant closely misses you.
You hit the worker ant. You claw the worker ant.
The worker ant is almost dead.
* * * LOW HITPOINT WARNING * * *
You feel sick. The worker ant barely misses you. The dart slug bites you.
* * * LOW HITPOINT WARNING * * *
You hit the worker ant but do no damage.
The worker ant is almost dead.
Your talons disappear.
The worker ant barely misses you.
You hit the worker ant.
You kill the worker ant!
Your Unarmed Combat skill increases to level 4!
You have reached level 4!
You feel stronger.
* * * LOW HITPOINT WARNING * * *
You feel sick. The dart slug launches a dart at you. The slug dart hits you!
You die...

####.#.†#
........##
####.#...#
#.....#
##..).###
#..K...#
########
#..#..K#
.......#
#..###w#
...░.░.####..#
#@#
##.)_....##..#
#[#
###░.░##..#..#
#.### .....#
#.....###...####
###.##
#..............#
# #.#
#.##..#####...>#
# #.# #.##..#
#....# # #.#
^.##..# #....# #
#.. .#######
#....#


You could see a dart slug and a kobold.

Vanquished Creatures
  A worker ant (D:2)
  A gnoll (D:1)
  A dart slug (D:1)
  4 leopard geckos
  3 orcs
  6 bats
  A giant cockroach (D:1)
  2 goblins
  A hobgoblin (D:2)
  4 kobolds (D:1)
  A quokka (D:2)
  A frilled lizard (D:1)
  3 rats (D:1)
29 creatures vanquished.

Notes
Turn   | Place    | Note
-------+----------+-------------------------------------------
     0 | D:1      | wup the Draconian Transmuter began the quest for the Orb.
     0 | D:1      | Reached XP level 1. HP: 16/16 MP: 3/3
   180 | D:1      | Reached XP level 2. HP: 15/23 MP: 3/5
   797 | D:1      | Reached XP level 3. HP: 24/28 MP: 4/6
   873 | D:2      | Found a stormy altar of Qazlal.
  1046 | D:2      | HP: 1/28 [dart slug (1)]
  1048 | D:2      | Reached skill level 4 in Unarmed Combat
  1048 | D:2      | Reached XP level 4. HP: 2/35 MP: 7/7
  1048 | D:2      | Killed from afar by a dart slug

Vault maps used:
D:1:      lightli_iron_boxes
D:2:      lemuel_crystal_altar, kiku_gazebo_pond_becter, first_bread,
          tso_metal_star

Skill      XL: |  1  2  3 |
---------------+----------+-----
Dodging        | 2 |  2.1
Unarmed Combat | 4 |  4.2
Fighting       | |  1.2
Spellcasting   | |  2.5
Transmutations | |  2.2

Action                   |  1- 3 |  4- 6 || total
-------------------------+-------+-------++-------
Melee: Unarmed           |    97 |       ||    97
       Kick              |    13 |       ||    13
       Tailslap          |     5 |       ||     5
       Headbutt          |     4 |       ||     4
 Cast: Beastly Appendage |    15 |       ||    15
  Eat: Chunk             |     1 |       ||     1
Armor: Skin              |    32 |       ||    32
Dodge: Dodged            |    80 |       ||    80

Table legend:
 A = Spawn XP
 B = Non-spawn XP
 C = Spawn XP percentage of total XP
 D = Spawn monster count
 E = Non-spawn monster count
 F = Spawn count percentage of total count
 G = Total turns spent on level
                    A         B        C        D         E        F      G
               +---------+---------+-------+---------+---------+-------+---------
         Total |       0 |     103 |   0.0 |       0 |      29 |   0.0 |  1048
               +---------+---------+-------+---------+---------+-------+---------
           D:1 |       0 |      50 |   0.0 |       0 |      19 |   0.0 |   926
           D:2 |       0 |      53 |   0.0 |       0 |      10 |   0.0 |   122
               +---------+---------+-------+---------+---------+-------+---------
